 Dungeon Crawl Stone Soup version 0.29.1-2-gbd0b4ee654 (webtiles) character file.

Game seed: 358017482116649483

7 Sabo the Covered (level 1, 20/20 HPs)
             Began as a Minotaur Fighter on Nov 6, 2022.
             Was a Follower of Kikubaaqudgha.
             Got out of the dungeon alive.
             The game lasted 00:01:12 (191 turns).

Sabo the Covered (Minotaur Fighter)                  Turns: 191, Time: 00:01:13

Health: 20/20      AC:  7    Str: 20    XL:     1   Next: 83%
Magic:  0/0        EV:  9    Int:  5    God:    Kikubaaqudgha [*.....]
Gold:   9          SH:  4    Dex:  9    Spells: 0/0 levels left

rFire   . . .      SeeInvis .   a - +0 war axe
rCold   . . .      Faith    .   c - +0 buckler
rNeg    . . .      Spirit   .   b - +0 scale mail
rPois   .          Reflect  .   (helmet restricted)
rElec   .          Harm     .   (no cloak)
rCorr   .          Rampage  .   (no gloves)
Will    .....                   (no boots)
Stlth   ..........              (no amulet)
HPRegen 0.06/turn               (no ring)
MPRegen 0.07/turn               (no ring)

@: no status effects
A: horns 2, retaliatory headbutt
a: Renounce Religion, Unearth Wretches


You escaped.
You worshipped Kikubaaqudgha.
Kikubaaqudgha was aware of your devotion.
You visited 1 branch of the dungeon, and saw 1 of its levels.

You collected 9 gold pieces.

Inventory:

Hand Weapons
 a - a +0 war axe (weapon)
Armour
 b - a +0 scale mail (worn)
 c - a +0 buckler (worn)
Scrolls
 e - a scroll of identify {unknown}
 f - a scroll of brand weapon {unknown}
Potions
 d - a potion of might


   Skills:
 + Level 3.8 Fighting
 + Level 2.5 Axes
 + Level 3.9 Armour
 + Level 3.7 Shields


You couldn't memorise any spells.
You didn't know any spells.
Your spell library contained the following spells:

 Spells                   Type           Power      Damage    Failure   Level
 Necrotise                Necr           0%         1d4       89%         1
 Sublimation of Blood     Necr           0%         N/A       96%         2
 Vampiric Draining        Necr           0%         2d6       99%         3
 Anguish                  Hex/Necr       0%         N/A       100%        4


Dungeon Overview and Level Annotations

Branches:
Dungeon (1/15)

Altars:
Kikubaaqudgha


Innate Abilities, Weirdness & Mutations

You have a pair of horns on your head.
You reflexively headbutt those who attack you in melee.


Message History

The ball python is moderately wounded.
The ball python completely misses you. The ball python constricts you.
You slash the ball python!
You kill the ball python!
The frilled lizard bites you.
You closely miss the frilled lizard. The frilled lizard closely misses you.
You hit the frilled lizard.
You kill the frilled lizard!
You start resting.
HP restored.
You open the door.
Found a faded altar of an unknown god.
A dart slug comes into view.
Found a scroll labelled LYORCH RIARUTEOMUMM and a scroll labelled QEOLOL RISSA.
There is an open door here.
A goblin comes into view. It is wielding a +0 club.
You hit the dart slug. You headbutt the dart slug.
You kill the dart slug!
The goblin hits you but does no damage.
You hit the goblin.
You kill the goblin!
You see here a +0 club.
e - a scroll labelled LYORCH RIARUTEOMUMM
f - a scroll labelled QEOLOL RISSA
There is a faded altar of an unknown god here.
You cannot tell which god this altar belongs to.
Convert to them anyway?
Kikubaaqudgha accepts your prayer! Kikubaaqudgha welcomes you!
You can now bring forth the wretched and dying.
Kikubaaqudgha grants you a gift!
You add the spells Necrotise, Sublimation of Blood, Vampiric Draining and Anguish to your library.
There is an open door here.
Okay, then.
There is a staircase leading out of the dungeon here.
You can't go down here!
There is a staircase leading out of the dungeon here.
Are you sure you want to leave the Dungeon?
This will make you lose the game!
Uppercase [Y]es or [N]o only, please.
Are you sure you want to leave the Dungeon?
This will make you lose the game!
You have escaped!

....# #...##
.............. #####
#.#####.........≈....
#.#...#............
#...#..## ...
######..#.#..######.#
#......#...#........#
#.#####.....#####..##
#..#...........#...#
##..#....@....#..#.#
##..#.........#..#.#
#..#...........#...#
#.#####.....#####..#
#......#...#...[...#
######..#.#........#
##..#....######
##.....## #######


There were no monsters in sight!

Vanquished Creatures
  A dart slug (D:1)
  A quokka (D:1)
  2 ball pythons (D:1)
  A frilled lizard (D:1)
  A goblin (D:1)
6 creatures vanquished.

Notes
Turn   | Place    | Note
-------+----------+-------------------------------------------
     0 | D:1      | Sabo the Minotaur Fighter began the quest for the Orb.
     0 | D:1      | Reached XP level 1. HP: 19/19 MP: 0/0
   128 | D:1      | Found a faded altar of an unknown god.
   147 | D:1      | Prayed at the altar of an unknown god.
   147 | D:1      | Became a worshipper of Kikubaaqudgha
   147 | D:1      | Reached * piety under Kikubaaqudgha
   147 | D:1      | Received a gift from Kikubaaqudgha
   191 | D:$      | Got out of the dungeon alive.

Illustrated notes

Levels and vault maps discovered:
D:1:      scummos_arrival_star, layout_basic, chequers_ecumenical_altar_simple,
          kennysheep_decorative_pillar

Action                   || total
-------------------------++-------
Melee: War axe           ||     8
       Headbutt          ||     1
Armor: Scale mail        ||     2
Dodge: Dodged            ||     8
